 Dungeon Crawl Stone Soup version 0.29.1-15-g9cfb28693d (webtiles) character file.

Game seed: 1088295520258441385

30 H0rd4k the Charlatan (level 3, -1/26 HPs)
             Began as a Human Artificer on Apr 18, 2023.
             Slain by an orc
             ... wielding a +0 flail
              (7 damage)
             ... on level 2 of the Dungeon.
             The game lasted 00:01:04 (2006 turns).

H0rd4k the Charlatan (Human Artificer)              Turns: 2006, Time: 00:01:05

Health: -1/26      AC:  4    Str: 12    XL:     3   Next: 35%
Magic:  3/3        EV: 11    Int: 13    God:
Gold:   87         SH:  0    Dex: 13    Spells: 2/2 levels left

rFire   . . .      SeeInvis .   a - +0 club
rCold   . . .      Faith    .   (no shield)
rNeg    . . .      Spirit   .   b - +0 leather armour
rPois   .          Reflect  .   (no helmet)
rElec   .          Harm     .   (no cloak)
rCorr   .          Rampage  .   (no gloves)
Will    .....                   g - +0 pair of boots
Stlth   +.........              (no amulet)
HPRegen 0.08/turn               j - ring of wizardry
MPRegen 0.08/turn               (no ring)

@: no status effects
A: no striking features
a: no special abilities


You were on level 2 of the Dungeon.
You visited 1 branch of the dungeon, and saw 2 of its levels.

You collected 87 gold pieces.

Inventory:

Hand Weapons
 a - a +0 club (weapon)
Armour
 b - a +0 leather armour (worn)
 g - a +0 pair of boots (worn)
Jewellery
 j - a ring of wizardry (left hand)
Wands
 c - a wand of flame (13) (quivered)
 d - a wand of charming (15)
 e - a wand of iceblast (5)
Scrolls
 h - a scroll of butterflies {unknown}
 k - a scroll of identify {unknown}
 l - a scroll of poison {unknown}
Potions
 f - a potion of lignification {unknown}
 i - a potion of flight {unknown}
 m - a potion of attraction {unknown}


   Skills:
 + Level 1.1 Fighting
 + Level 1.1 Maces & Flails
 - Level 2.0 Armour
 + Level 1.3 Dodging
 + Level 1.1 Stealth
 + Level 3.7 Evocations


You had 2 spell levels left.
You didn't know any spells.
Your spell library contained the following spells:

 Spells                   Type           Power      Damage    Failure   Level
 Gell's Gravitas          Tloc           0%         N/A       41%         3
 Lesser Beckoning         Tloc           0%         N/A       41%         3
 Teleport Other           Tloc           0%         N/A       41%         3


Dungeon Overview and Level Annotations

Branches:
Dungeon (2/15)

Altars:

Shops:
D:1 *


Message History

You miss the goblin. The goblin hits you with a +0 dagger.
You hit the goblin.
You kill the goblin!
The ball python barely misses you. The ball python closely misses you.
You hit the ball python but do no damage.
The ball python barely misses you. The ball python grabs you.
The ball python constricts you.
You closely miss the ball python. The ball python barely misses you.
The ball python constricts you.
The ball python bites you but does no damage.
The ball python constricts you.
You closely miss the ball python. The ball python barely misses you.
The ball python constricts you.
You hit the ball python.
The ball python is moderately wounded.
The ball python bites you but does no damage.
The ball python constricts you. The ball python barely misses you.
The ball python constricts you.
You closely miss the ball python.
The ball python is moderately wounded.
The ball python bites you. The ball python constricts you.
You hit the ball python.
The ball python is severely wounded.
The ball python bites you but does no damage.
The ball python constricts you.
The ball python bites you but does no damage.
The ball python constricts you.
You hit the ball python.
You kill the ball python!
The orc barely misses you.
You closely miss the orc. The orc misses you.
You hit the orc.
The orc is heavily wounded.
The orc closely misses you.
You closely miss the orc.
The orc is heavily wounded.
The orc hits you with a +0 flail!
* * * LOW HITPOINT WARNING * * *
The orc hits you with a +0 flail!
You die...

#.####.# #......# ..
#.###.... #........
#)#.#.... ###.#.#....
#.........#
#o#######.# #@#
##.#######.
#.......... #.#
#÷.#######. ..#
##########..##### ###
#...............#
######.########..###.#
..†.....# #..#
######.## #..#


You could see an orc.

Vanquished Creatures
  A worm (D:2)
  5 ball pythons
  2 giant cockroaches (D:1)
  3 goblins
  3 hobgoblins
  4 kobolds
  2 quokkas (D:1)
  2 bats (D:2)
  2 frilled lizards
  A rat (D:1)
25 creatures vanquished.

Vanquished Creatures (others)
  A fungus (D:1)
1 creature vanquished.

Grand Total: 26 creatures vanquished

Notes
Turn   | Place    | Note
-------+----------+-------------------------------------------
     0 | D:1      | H0rd4k the Human Artificer began the quest for the Orb.
     0 | D:1      | Reached XP level 1. HP: 15/15 MP: 1/1
   398 | D:1      | Reached XP level 2. HP: 21/21 MP: 2/2
   784 | D:1      | Found Wiupuloiha's General Store.
  1110 | D:1      | Found a faded altar of an unknown god.
  1445 | D:2      | Reached XP level 3. HP: 25/26 MP: 3/3
  1685 | D:2      | Reached skill level 1 in Maces & Flails
  2006 | D:2      | Slain by an orc

Illustrated notes

Levels and vault maps discovered:
D:1:      kennysheep_arrival_forest, layout_loops_ring, serial_shops,
          shop_fountains, shapermc_ecumenical_altar_mp_urbaneastern,
          minmay_crystal_room
D:2:      layout_loops_ring

Skill      XL: |  1  2  3 |
---------------+----------+-----
Maces & Flails | 1 |  1.1
Fighting       | |  1.1
Armour         | |  2.0
Dodging        | |  1.3
Stealth        | |  1.1
Evocations     | |  3.7

Action                   || total
-------------------------++-------
Melee: Club              ||   123
Evoke: Wand              ||     2
 Stab: Sleeping          ||     3
Armor: Leather armour    ||    39
Dodge: Dodged            ||    87
